AoeStats
← Rudelfux

Arabia

510610471Analyzed
1v1 RM · 1d ago on Oct 1, 2026· 57m 25s· 2 players
Game mode
Random Map
Map size
Tiny (2 player)
Population
200
Speed
Normal
Resources
Standard
Victory
Conquest
Starting age
Dark Age
Ending age
Imperial Age
RankedLock teamsTeams togetherTeam positionsShared explorationLock speedFull tech treeHidden civsTurbo modeCheats
Victory
Defeat
🇩🇪 Mongols · Germany
552
+12
🇹🇷 Goths · Türkiye
473
-12
Forbrave
3:33 Loom
11:23 Feudal Age
14:21 Horse Collar
17:35 Gold Mining
17:35 Stone Mining
21:29 Man-at-Arms
22:23 Scale Mail Armor
27:25 Castle Age
26:01 Wheelbarrow
29:32 Pikeman
30:54 Squires
34:49 Anarchy
34:55 Anarchy
41:20 Chain Mail Armor
44:01 Imperial Age
52:07 Heavy Plow
53:39 Elite Skirmisher
Rudelfux
14:04 Feudal Age
14:32 Double-Bit Axe
14:40 Gold Mining
14:31 Horse Collar
17:05 Wheelbarrow
23:10 Man-at-Arms
26:52 Castle Age
25:34 Scale Mail Armor
25:45 Forging
26:19 Scale Barding Armor
26:27 Forging
28:14 Husbandry
28:28 Bloodlines
29:21 Chain Barding Armor
29:48 Heavy Plow
34:24 Iron Casting
42:09 Stone Mining
42:56 Gold Shaft Mining
42:33 Bow Saw
42:43 Hand Cart
46:09 Thumb Ring
49:10 Stone Shaft Mining
48:30 Town Watch
48:46 Fletching
48:59 Scale Mail Armor
51:50 Nomads
52:06 Light Cavalry
Connection lost

Rejoining the realm…

Still unreachable

The connection could not be restored.

Session expired

The server has moved on; the page needs a fresh start.